 Dungeon Crawl Stone Soup version 0.14.2 (webtiles) character file.

329 Patchouli the Chiller (level 6, -6/41 HPs)
             Began as a Human Ice Elementalist on Nov 2, 2016.
             Mangled by an ice beast (10 damage)
             ... on Level 6 of the Dungeon.
             The game lasted 00:09:21 (1316 turns).

Patchouli the Chiller (Human Ice Elementalist)      Turns: 1316, Time: 00:09:21

HP  -6/41        AC  2     Str 14      XL: 6   Next: 44%
MP   3/15        EV 12     Int 18      God:
Gold 63          SH  0     Dex 14      Spells:  4 memorised,  3 levels left

rFire  . . .     SeeInvis .     e - +0 long sword
rCold  . . .     Clarity  .     a - +0 robe
rNeg   . . .     Conserve .     (no shield)
rPois  .         rCorr    .     (no helmet)
rElec  .         rRot     .     (no cloak)
SustAb . .       Spirit   .     (no gloves)
rMut   .         Warding  .     (no boots)
Saprov . . .     Rnd*Tele +     (no amulet)
MR     .....                    m - cursed ring of teleportation
                                i - +2 ring of intelligence

@: mighty, very slightly contaminated, not resistant to hostile enchantments,
fairly stealthy
A: mutation resistance 1
a: Evoke Teleportation


You were on level 6 of the Dungeon.
You were hungry.

You visited 1 branch of the dungeon, and saw 6 of its levels.

You collected 63 gold pieces.

Inventory:

Hand weapons
 e - a +0,+0 long sword (weapon)
Missiles
 g - 81 darts (quivered)
Armour
 a - a +0 robe (worn)
Comestibles
 c - 2 bread rations
 h - an apple
 l - 4 chunks of giant frog flesh
Jewellery
 i - a +2 ring of intelligence (left hand)
 m - a cursed ring of teleportation (right hand)
Potions
 f - a potion of brilliance
Books
 b - a book of Frost

   Spells                             Type                      Level
   *Freeze                            Ice                          1
   *Throw Frost                       Conjuration/Ice              2
   *Ozocubu's Armour                  Charms/Ice                   3
   Throw Icicle                       Conjuration/Ice              4
   *Summon Ice Beast                  Ice/Summoning                4
   Condensation Shield                Ice                          4


   Skills:
 - Level 2.0 Dodging
 - Level 2.0 Stealth
 * Level 4.3 Spellcasting
 + Level 1.5 Conjurations
 * Level 1.4 Summonings
 * Level 4.6 Ice Magic


You had 3 spell levels left.
You knew the following spells:

 Your Spells              Type           Power        Failure   Level  Hunger
a - Freeze                Ice            ###.         1%          1    None
b - Throw Frost           Conj/Ice       ##....       8%          2    #......
c - Summon Ice Beast      Ice/Summ       ##......     41%         4    ####...
q - Ozocubu's Armour      Chrm/Ice       ##........   21%         3    ###....


Dungeon Overview and Level Annotations

Branches:
Dungeon (6/15)
 Temple: D:4-7

Altars:
Elyvilon


Innate Abilities, Weirdness & Mutations

You are somewhat resistant to further mutation.


Message History

The ice beast completely resists.
The ice beast hits your ice beast. The ice beast freezes your ice beast.
Your ice beast completely resists.
Your ice beast hits the ice beast.
Your ice beast freezes the ice beast.
The ice beast completely resists.
The ice beast hits your ice beast. The ice beast freezes your ice beast.
Your ice beast completely resists.
You barely miss the ice beast.
The ice beast is severely wounded.
Your ice beast disappears in a puff of smoke!
The ice beast closely misses you. The ice beast hits you.
The ice beast freezes you!
* * * LOW HITPOINT WARNING * * *
Your smoky pink potion freezes and shatters!
Drink which item? (? for menu, Esc to quit)
You feel very mighty all of a sudden. The ice beast hits you.
* * * LOW HITPOINT WARNING * * *
The ice beast freezes you!
You die...

#...#.####%####...##
#...#.# #.# ..#
#...#.####.# .# ###
#.##...# # #.##...#
#.##...# ####.####.#
###....## #.# #
#.......# #@# ..#
#.......# #I# ...#
#...#..<# #.######...##
######<####...........z
##..................
#...####........###
#...# #........# #...#
#........# #####
##########


You could see an ice beast.

Vanquished Creatures
  A sky beast (D:5)
  A giant frog (D:6)
  A crimson imp (D:6)
  3 adders
  A worm (D:5)
  A giant gecko (D:1)
  A ball python (D:1)
  3 bats (D:1)
  3 goblins
  6 hobgoblins
  3 jackals (D:6)
  5 kobolds
  2 giant cockroaches (D:5)
  A rat (D:6)
32 creatures vanquished.

Vanquished Creatures (others)
  A quokka (D:5)
1 creature vanquished.

Grand Total: 33 creatures vanquished

Notes
Turn   | Place    | Note
--------------------------------------------------------------
     0 | D:1      | Patchouli, the Human Ice Elementalist, began the quest for the Orb.
     0 | D:1      | Reached XP level 1. HP: 13/13 MP: 3/3
   193 | D:1      | Reached XP level 2. HP: 7/19 MP: 0/5
   396 | D:2      | Learned a level 2 spell: Throw Frost
   400 | D:2      | Reached XP level 3. HP: 21/24 MP: 2/6
   409 | D:2      | Learned a level 3 spell: Ozocubu's Armour
   538 | D:2      | Gained mutation: You are somewhat resistant to further mutation. [potion of beneficial mutation]
   741 | D:3      | You fall through a shaft!
   741 | D:5      | Entered Level 5 of the Dungeon
   742 | D:5      | Reached XP level 4. HP: 30/30 MP: 6/9
   753 | D:5      | Found a white marble altar of Elyvilon.
   837 | D:5      | Noticed a sky beast
   867 | D:5      | Killed a sky beast
   867 | D:5      | Reached skill level 4 in Spellcasting
   867 | D:5      | Reached XP level 5. HP: 26/35 MP: 0/13
   946 | D:5      | Learned a level 4 spell: Summon Ice Beast
  1081 | D:5      | Noticed a necrophage
  1101 | D:6      | Reached XP level 6. HP: 41/41 MP: 6/15
  1134 | D:6      | Reached skill level 1 in Summonings
  1229 | D:6      | Noticed an ogre
  1270 | D:6      | Noticed an ice beast
  1316 | D:6      | Mangled by an ice beast

Action                   |  1- 3 |  4- 6 || total
-------------------------+-------+-------++-------
Melee: Long sword        |       |     7 ||     7
Throw: Dart              |     3 |       ||     3
 Cast: Freeze            |    38 |    38 ||    76
       Ozocubu's Armour  |       |     3 ||     3
       Throw Frost       |       |     1 ||     1
       Summon Ice Beast  |       |     2 ||     2
  Use: Potion            |     1 |     2 ||     3
       Scroll            |       |     2 ||     2
 Stab: Sleeping          |       |     1 ||     1
